 Dungeon Crawl Stone Soup version 0.21.0-3-g78d12a8 (webtiles) character file.

31 letownia2 the Magician (level 3, 8/16 HPs)
             Began as a Vine Stalker Wizard on Jan 14, 2018.
             Quit the game on level 4 of the Dungeon.
             The game lasted 00:03:51 (989 turns).

letownia2 the Magician (Vine Stalker Wizard)         Turns: 989, Time: 00:03:52

Health: 8/16       AC:  3    Str: 10    XL:     3   Next: 22%
Magic:  2/8        EV: 11    Int: 21    God:
Gold:   20         SH:  0    Dex: 12    Spells: 1/8 levels left

rFire    . . .     SeeInvis .   a - +0 dagger
rCold    . . .     Gourm    .   (no shield)
rNeg     . . .     Faith    .   h - +0 leather armour
rPois    .         Spirit   +   b - +0 hat
rElec    .         Reflect  .   (no cloak)
rCorr    .         Harm     .   (no gloves)
MR       .....                  (no boots)
Stlth    ++........             (no amulet)
HPRegen  0.05/turn              n - +3 ring of intelligence
MPRegen  0.11/turn              (no ring)

@: no status effects
A: fangs 2, magic shield, antimagic bite, no potion heal 3, rot immunity
a: no special abilities


You were on level 4 of the Dungeon.
You were not hungry.

You visited 1 branch of the dungeon, and saw 4 of its levels.

You collected 20 gold pieces.

Inventory:

Hand Weapons
 a - a +0 dagger (weapon)
Armour
 b - a +0 hat (worn)
 g - a +0 robe
 h - a +0 leather armour (worn)
Jewellery
 n - a +3 ring of intelligence (left hand)
Scrolls
 e - 2 scrolls of enchant armour {unknown}
 f - a scroll of teleportation {unknown}
 k - a scroll of fog {unknown}
 m - a scroll of identify {unknown}
Potions
 i - 3 potions of curing
 j - a potion of might {unknown}
 l - a potion of haste {unknown}
Books
 c - a book of Minor Magic

   Spells                             Type                      Level
   a - Magic Dart                     Conjuration                  1
   b - Blink                          Translocation                2
   c - Call Imp                       Summoning                    2
   d - Slow                           Hexes                        2
   e - Conjure Flame                  Conjuration/Fire             3
   f - Mephitic Cloud                 Conjuration/Poison/Air       3
Comestibles
 d - 2 rations


   Skills:
 - Level 1.5 Dodging
 - Level 2.4 Stealth
 - Level 3.2 Spellcasting
 + Level 3.1 Conjurations
   Level 1.0 Summonings
   Level 1.0 Translocations


You had one spell level left.
You knew the following spells:

 Your Spells              Type           Power        Failure   Level  Hunger
a - Magic Dart            Conj           ###.         4%          1    None
c - Conjure Flame         Conj/Fire      #.......     28%         3    ###....
e - Mephitic Cloud        Conj/Pois/Air  #.......     34%         3    ###....


Dungeon Overview and Level Annotations

Branches:
Dungeon (4/15)             Temple (0/1) D:4

Altars:
Ru
Uskayaw

Annotations:
D:2 exclusion: adder, Terence
D:4 Menkaure


Innate Abilities, Weirdness & Mutations

You have extremely sharp teeth.
When hurt, damage is shared between your health and your magic reserves.
Your bite disrupts and absorbs the magic of your enemies.
Potions cannot restore your health.
You are immune to rotting.


Message History

Press: ? - help, Shift-Dir - straight line, f/p - goblin
Aim: a goblin, wielding a club (heavily wounded)
The magic dart hits the goblin.
You kill the goblin!
Casting: Magic Dart
Confirm with . or Enter, or press ? or * to list all spells.
You can't see any susceptible monsters within range! (Use Z to cast anyway.)
Casting: Magic Dart
Confirm with . or Enter, or press ? or * to list all spells.
You can't see any susceptible monsters within range! (Use Z to cast anyway.)
Casting: Magic Dart
Confirm with . or Enter, or press ? or * to list all spells.
You can't see any susceptible monsters within range! (Use Z to cast anyway.)
Found 16 stones.
Menkaure calls on the powers of darkness!
Your body is wracked with pain!
Your magical contamination has completely faded away.
Menkaure is nearby!
Menkaure is nearby!
Are you sure you want to abandon this character and quit the game? (Confirm with "yes".)

.#'## .#..# #.# .#
.#.. ? #.# .####P..#
#.# ........# #.#
.##..#..# #.# .#
#.#..# #.#
g###.#..### #.#
..........## #.#@#
.(((........ ..#.#
.###(...#.# #.#.# .#
#)...#.# #.#.# .#
#†...#.# #.#.# # .#
#(...#.# #.#.#.# .#
#..#.#.####(M...#
.###......M......###
.................#


You could see Menkaure.

Vanquished Creatures
  An adder (D:2)
  2 orcs (D:4)
  2 giant cockroaches
  5 goblins
  A hobgoblin (D:4)
  A jackal (D:3)
  A quokka (D:2)
  A frilled lizard (D:2)
  5 rats
19 creatures vanquished.

Notes
Turn   | Place    | Note
-------+----------+-------------------------------------------
     0 | D:1      | letownia2 the Vine Stalker Wizard began the quest for the Orb.
     0 | D:1      | Reached XP level 1. HP: 9/9 MP: 5/5
   145 | D:2      | Found a sacrificial altar of Ru.
   146 | D:2      | Noticed Terence
   238 | D:2      | Reached XP level 2. HP: 9/13 MP: 7/7
   642 | D:4      | Found a staircase to the Ecumenical Temple.
   671 | D:4      | Noticed a howler monkey
   698 | D:4      | Noticed a howler monkey
   722 | D:3      | Found a hide-covered altar of Uskayaw.
   841 | D:4      | Reached XP level 3. HP: 2/16 MP: 0/8
   846 | D:4      | Learned a level 3 spell: Mephitic Cloud
   850 | D:4      | Learned a level 3 spell: Conjure Flame
   909 | D:4      | Noticed Menkaure
   989 | D:4      | Quit the game

Skill      XL: |  1  2  3 |
---------------+----------+-----
Conjurations   | 2 3 |  3.1
Dodging        | |  1.5
Stealth        | |  2.4
Spellcasting   | |  3.2
Summonings     | |  1.0
Translocations | |  1.0

Action                   || total
-------------------------++-------
Melee: Unarmed           ||    24
       Bite              ||    13
       Dagger            ||    16
 Cast: Magic Dart        ||    46
Armor: Robe              ||    10
       Leather armour    ||     6
Dodge: Dodged            ||    46
